[ AOE2 MATCH · #507118051 ]
UnrankedVietnamese vs Magyars
Player's team · WIN
Rival team · LOSS
[ REPLAY ANALYSIS · EXTRACTED FROM THE RECORDED GAME ]
Feudal
—
Castle
—
Imperial
—
| APM avg | 31.8 |
| APM peak | 73 |
| eAPM avg | 21.9 |
| Villagers / military | 225 / 420 |
Focus
⚔️ 32.8% · 🌾 67.2%
Skirmisher ×189 · Fire Lancer ×144 · Spearman ×46 · Battle Elephant ×22 · Bombard Cannon ×8 · Monk ×3
Feudal
—
Castle
—
Imperial
—
| APM avg | 31.0 |
| APM peak | 71 |
| eAPM avg | 12.6 |
| Villagers / military | 113 / 416 |
Focus
⚔️ 31.8% · 🌾 68.2%
Magyar Huszar ×182 · Knight ×105 · Scout Cavalry ×61 · Cavalry Archer ×61 · Trebuchet (Packed) ×4 · Mangonel ×2
Match map
Initial resources + every placement click. Lines = walls · curves = elevation contours. ◆ gold · ⬟ stone · ● berries · ✦ relic · ◌ wall gap
Your base· ✓ Closed at 18:05 · 27t walls · 1 gate(s)
vN eRaaz's base· ✓ Closed at 18:27 · 38t walls · 1 gate(s)
Smoothed initial terrain · ◌ = detected wall gap · hover for details
Inputs per minute
— zsteele99 - - vN eRaaz
Build order — zsteele99
First 150 of 664 actions detected
| 0:00 | Queue | Villager (Male) |
| 0:00 | Queue | Villager (Male) |
| 0:00 | Queue | Villager (Male) |
| 0:01 | Queue | Villager (Male) |
| 0:01 | Queue | Villager (Male) |
| 0:02 | Build | House |
| 0:04 | Build | House |
| 1:34 | Queue | Villager (Male) |
| 1:49 | Build | Lumber Camp |
| 1:53 | Queue | Villager (Male) |
| 2:15 | Build | House |
| 2:25 | Queue | Villager (Male) |
| 2:53 | Queue | Villager (Male) |
| 2:53 | Queue | Villager (Male) |
| 2:53 | Queue | Villager (Male) |
| 3:31 | Queue | Villager (Male) |
| 3:56 | Queue | Villager (Male) |
| 4:04 | Queue | Villager (Male) |
| 4:45 | Build | Mill |
| 4:55 | Queue | Villager (Male) |
| 5:09 | Build | House |
| 5:19 | Queue | Villager (Male) |
| 5:28 | Queue | Villager (Male) |
| 5:28 | Queue | Villager (Male) |
| 5:28 | Queue | Villager (Male) |
| 5:31 | Research | Loom |
| 6:56 | Research | Feudal Age |
| 7:54 | Build | Barracks |
| 8:17 | Queue | Villager (Male) |
| 8:17 | Queue | Villager (Male) |
| 9:16 | Queue | Spearman |
| 9:18 | Research | Double-Bit Axe |
| 9:24 | Research | Wheelbarrow |
| 9:26 | Research | Horse Collar |
| 9:45 | Build | Archery Range |
| 9:55 | Build | Palisade Wall |
| 10:00 | Queue | Villager (Male) |
| 10:20 | Queue | Villager (Male) |
| 10:21 | Queue | Spearman |
| 10:24 | Build | House |
| 10:29 | Build | House |
| 10:34 | Queue | Villager (Male) |
| 10:50 | Queue | Villager (Male) |
| 10:53 | Build | House |
| 11:01 | Build | Palisade Wall |
| 11:02 | Queue | Spearman |
| 11:25 | Queue | Villager (Male) |
| 11:32 | Build | Farm |
| 11:54 | Build | Lumber Camp |
| 12:16 | Build | House |
| 12:17 | Queue | Villager (Male) |
| 12:24 | Build | Farm |
| 12:40 | Build | Farm |
| 12:46 | Build | Palisade Gate |
| 12:47 | Queue | Villager (Male) |
| 13:10 | Build | Blacksmith |
| 13:10 | Queue | Villager (Male) |
| 13:16 | Build | Palisade Wall |
| 13:17 | Build | Palisade Wall |
| 13:20 | Queue | Villager (Male) |
| 13:23 | Build | Farm |
| 13:25 | Build | Farm |
| 13:27 | Queue | Villager (Male) |
| 13:40 | Queue | Villager (Male) |
| 13:43 | Build | Farm |
| 13:46 | Build | Farm |
| 14:02 | Queue | Villager (Male) |
| 14:06 | Build | Farm |
| 14:08 | Build | Farm |
| 14:10 | Build | Farm |
| 14:21 | Queue | Villager (Male) |
| 14:24 | Build | Farm |
| 14:31 | Build | Mining Camp |
| 14:33 | Queue | Spearman |
| 14:39 | Queue | Villager (Male) |
| 14:41 | Build | House |
| 14:42 | Build | House |
| 14:43 | Build | House |
| 14:44 | Build | House |
| 14:47 | Queue | Villager (Male) |
| 14:49 | Build | House |
| 14:54 | Build | House |
| 15:01 | Queue | Spearman |
| 15:14 | Queue | Villager (Male) |
| 15:18 | Build | Farm |
| 15:23 | Build | Farm |
| 15:32 | Queue | Villager (Male) |
| 15:36 | Build | Farm |
| 15:39 | Build | Farm |
| 15:46 | Build | Farm |
| 15:48 | Build | Farm |
| 16:24 | Build | Market |
| 16:26 | Queue | Villager (Male) |
| 16:53 | Build | Farm |
| 16:58 | Build | Farm |
| 17:17 | Build | Barracks |
| 17:26 | Build | House |
| 17:30 | Build | Palisade Wall |
| 17:32 | Build | Palisade Wall |
| 17:37 | Queue | Villager (Male) |
| 17:41 | Build | Farm |
| 17:43 | Build | Farm |
| 18:05 | Research | Castle Age |
| 18:41 | Research | Gold Mining |
| 18:44 | Research | Scale Mail Armor |
| 18:49 | Research | Arson |
| 19:16 | Research | Forging |
| 19:40 | Build | Barracks |
| 19:41 | Build | House |
| 20:23 | Queue | Villager (Male) |
| 20:54 | Build | Town Center |
| 20:59 | Research | Hand Cart |
| 21:00 | Research | Bow Saw |
| 21:02 | Research | Heavy Plow |
| 21:09 | Build | Town Center |
| 21:15 | Queue | Villager (Male) |
| 21:19 | Research | Squires |
| 21:19 | Queue | Fire Lancer |
| 21:19 | Queue | Fire Lancer |
| 21:19 | Queue | Fire Lancer |
| 21:32 | Research | Iron Casting |
| 21:42 | Queue | Villager (Male) |
| 21:50 | Queue | Fire Lancer |
| 22:00 | Queue | Villager (Male) |
| 22:00 | Queue | Villager (Male) |
| 22:05 | Queue | Villager (Male) |
| 22:22 | Queue | Villager (Male) |
| 22:24 | Queue | Villager (Male) |
| 22:26 | Queue | Fire Lancer |
| 22:26 | Queue | Fire Lancer |
| 22:27 | Queue | Fire Lancer |
| 22:34 | Research | Pikeman (upgrade) |
| 22:40 | Queue | Villager (Male) |
| 22:55 | Queue | Fire Lancer |
| 22:55 | Queue | Fire Lancer |
| 22:56 | Queue | Fire Lancer |
| 22:56 | Queue | Fire Lancer |
| 22:56 | Queue | Fire Lancer |
| 23:02 | Queue | Villager (Male) |
| 23:15 | Build | Siege Workshop |
| 23:18 | Queue | Villager (Male) |
| 23:18 | Queue | Villager (Male) |
| 23:22 | Queue | Fire Lancer |
| 23:22 | Queue | Fire Lancer |
| 23:22 | Queue | Fire Lancer |
| 23:25 | Queue | Villager (Male) |
| 23:26 | Queue | Villager (Male) |
| 23:27 | Queue | Villager (Male) |
| 23:43 | Queue | Villager (Male) |
| 23:53 | Research | Chain Mail Armor |
Build order — vN eRaaz
First 150 of 367 actions detected
| 0:01 | Queue | Villager (Male) |
| 0:01 | Queue | Villager (Male) |
| 0:02 | Queue | Villager (Male) |
| 0:02 | Queue | Villager (Male) |
| 0:02 | Queue | Villager (Male) |
| 0:04 | Build | House |
| 0:06 | Build | House |
| 1:36 | Queue | Villager (Male) |
| 1:36 | Queue | Villager (Male) |
| 1:58 | Queue | Villager (Male) |
| 1:58 | Queue | Villager (Male) |
| 2:17 | Build | Lumber Camp |
| 2:23 | Queue | Villager (Male) |
| 2:23 | Queue | Villager (Male) |
| 2:48 | Queue | Villager (Male) |
| 2:48 | Queue | Villager (Male) |
| 2:48 | Queue | Villager (Male) |
| 3:04 | Build | House |
| 3:26 | Queue | Villager (Male) |
| 3:26 | Queue | Villager (Male) |
| 3:27 | Queue | Villager (Male) |
| 4:13 | Queue | Villager (Male) |
| 4:14 | Queue | Villager (Male) |
| 5:13 | Queue | Villager (Male) |
| 5:13 | Queue | Villager (Male) |
| 5:20 | Build | Mill |
| 5:41 | Queue | Villager (Male) |
| 6:04 | Queue | Villager (Male) |
| 6:13 | Research | Loom |
| 6:58 | Research | Feudal Age |
| 7:28 | Build | Barracks |
| 7:31 | Queue | Villager (Male) |
| 7:47 | Build | House |
| 8:34 | Queue | Villager (Male) |
| 9:22 | Build | Stable |
| 9:28 | Build | Palisade Wall |
| 9:34 | Build | House |
| 9:38 | Research | Double-Bit Axe |
| 9:45 | Queue | Villager (Male) |
| 9:47 | Queue | Villager (Male) |
| 10:06 | Queue | Scout Cavalry |
| 10:06 | Queue | Scout Cavalry |
| 10:06 | Queue | Scout Cavalry |
| 10:15 | Build | Palisade Gate |
| 10:27 | Build | House |
| 10:31 | Build | Palisade Wall |
| 10:33 | Queue | Villager (Male) |
| 10:41 | Build | House |
| 10:50 | Build | Palisade Wall |
| 10:51 | Queue | Villager (Male) |
| 10:55 | Queue | Scout Cavalry |
| 11:17 | Queue | Villager (Male) |
| 11:22 | Build | Farm |
| 11:24 | Queue | Villager (Male) |
| 11:34 | Queue | Villager (Male) |
| 11:48 | Build | Farm |
| 11:48 | Build | Farm |
| 11:49 | Build | Farm |
| 11:55 | Queue | Villager (Male) |
| 12:13 | Build | House |
| 12:15 | Queue | Villager (Male) |
| 12:41 | Build | Blacksmith |
| 12:46 | Build | Palisade Wall |
| 13:03 | Build | House |
| 13:05 | Queue | Villager (Male) |
| 13:10 | Build | House |
| 13:13 | Build | Palisade Wall |
| 13:15 | Queue | Villager (Male) |
| 13:20 | Build | Farm |
| 13:20 | Build | Farm |
| 13:20 | Build | Farm |
| 14:02 | Build | Lumber Camp |
| 14:03 | Queue | Villager (Male) |
| 14:11 | Build | Farm |
| 14:11 | Build | Farm |
| 14:11 | Build | Farm |
| 14:40 | Queue | Villager (Male) |
| 14:45 | Build | Mining Camp |
| 14:46 | Queue | Villager (Male) |
| 14:56 | Research | Horse Collar |
| 15:06 | Build | Farm |
| 15:24 | Queue | Villager (Male) |
| 15:48 | Queue | Villager (Male) |
| 15:57 | Build | Market |
| 16:00 | Build | House |
| 16:07 | Build | Farm |
| 16:07 | Build | Farm |
| 16:07 | Build | Farm |
| 16:07 | Build | Farm |
| 16:36 | Queue | Villager (Male) |
| 16:36 | Queue | Villager (Male) |
| 16:39 | Queue | Villager (Male) |
| 16:48 | Research | Gold Mining |
| 16:57 | Build | Archery Range |
| 17:01 | Queue | Villager (Male) |
| 17:32 | Build | Archery Range |
| 17:38 | Build | Farm |
| 17:44 | Build | Farm |
| 17:44 | Build | Farm |
| 18:27 | Research | Castle Age |
| 18:35 | Build | House |
| 18:48 | Build | House |
| 18:50 | Build | House |
| 18:52 | Build | House |
| 18:53 | Build | House |
| 18:55 | Build | House |
| 19:12 | Research | Bloodlines |
| 19:21 | Queue | Villager (Male) |
| 19:39 | Research | Fletching |
| 20:08 | Build | Palisade Wall |
| 20:19 | Queue | Villager (Male) |
| 20:22 | Research | Padded Archer Armor |
| 21:14 | Build | Town Center |
| 21:21 | Queue | Cavalry Archer ×5 |
| 21:30 | Build | University |
| 21:32 | Build | House |
| 21:36 | Research | Bodkin Arrow |
| 21:39 | Research | Husbandry |
| 21:51 | Queue | Villager (Male) |
| 22:00 | Queue | Cavalry Archer |
| 22:00 | Queue | Cavalry Archer |
| 22:25 | Research | Ballistics |
| 22:28 | Queue | Villager (Male) |
| 22:28 | Queue | Villager (Male) |
| 22:42 | Queue | Villager (Male) |
| 22:42 | Queue | Villager (Male) |
| 23:02 | Queue | Cavalry Archer ×5 |
| 23:16 | Build | Farm |
| 23:38 | Build | Farm |
| 23:39 | Build | Farm |
| 23:41 | Queue | Villager (Male) ×4 |
| 23:41 | Queue | Villager (Male) ×4 |
| 23:53 | Queue | Cavalry Archer |
| 23:53 | Queue | Cavalry Archer |
| 24:15 | Queue | Villager (Male) |
| 24:15 | Queue | Villager (Male) |
| 24:28 | Queue | Cavalry Archer |
| 24:29 | Queue | Cavalry Archer |
| 24:32 | Build | Farm |
| 24:33 | Build | Farm |
| 24:42 | Build | House |
| 24:44 | Build | House |
| 24:56 | Queue | Villager (Male) |
| 24:56 | Queue | Villager (Male) |
| 25:31 | Queue | Villager (Male) |
| 25:31 | Queue | Villager (Male) |
| 25:31 | Queue | Villager (Male) |
| 25:39 | Build | Siege Workshop |
| 25:47 | Research | Light Cavalry (upgrade) |
| 25:52 | Queue | Cavalry Archer ×5 |
Match timeline
| 7:28 | vN eRaaz · first_building Barracks |
| 7:54 | zsteele99 · first_building Barracks |
| 9:22 | vN eRaaz · first_building Stable |
| 9:28 | vN eRaaz · wall_segment Palisade Wall x1 |
| 9:45 | zsteele99 · first_building Archery Range |
| 9:55 | zsteele99 · wall_segment Palisade Wall x7 |
| 10:31 | vN eRaaz · wall_segment Palisade Wall x16 |
| 10:50 | vN eRaaz · wall_segment Palisade Wall x9 |
| 11:01 | zsteele99 · wall_segment Palisade Wall x8 |
| 12:46 | vN eRaaz · wall_segment Palisade Wall x7 |
| 13:13 | vN eRaaz · wall_segment Palisade Wall x5 |
| 13:16 | zsteele99 · wall_segment Palisade Wall x3 |
| 13:17 | zsteele99 · wall_segment Palisade Wall x4 |
| 16:57 | vN eRaaz · first_building Archery Range |
| 17:30 | zsteele99 · wall_segment Palisade Wall x2 |
| 17:32 | zsteele99 · wall_segment Palisade Wall x4 |
| 20:08 | vN eRaaz · wall_segment Palisade Wall x1 |
| 23:15 | zsteele99 · first_building Siege Workshop |
| 25:36 | zsteele99 · first_market_sell 100 wood |
| 25:39 | vN eRaaz · first_building Siege Workshop |
| 29:02 | zsteele99 · first_market_buy 100 food |
| 31:08 | zsteele99 · wall_segment Palisade Wall x6 |
| 32:01 | vN eRaaz · first_market_buy 100 food |
| 32:16 | vN eRaaz · first_building Castle |
| 32:50 | vN eRaaz · first_market_sell 100 wood |
| 35:13 | zsteele99 · first_building Castle |
| 41:27 | zsteele99 · first_building Monastery |
| 46:22 | vN eRaaz · first_building Monastery |
| 52:53 | zsteele99 · wall_segment Palisade Wall x5 |
| 52:55 | zsteele99 · wall_segment Palisade Wall x4 |
| 58:34 | zsteele99 · first_building Stable |
| 62:52 | vN eRaaz · resign |
[ AI ANALYSIS · 1 CREDIT ]
What really happened in this match?
Wolo.gg analyzes every decision: build order, eco, micro, common mistakes by bracket. Personalized analysis on WhatsApp or Discord in 30 seconds.
Civ guide
Vietnamese
Perfil
Jugador #21466103